[Event "GER-chT Youth Countries 2018"]
[Site "Wurzburg"]
[Date "2018.10.07"]
[Round "7"]
[White "Wu, Luka"]
[Black "Richter, Nils"]
[Result "1/2-1/2"]
[ECO "A16"]
[WhiteElo "2001"]
[BlackElo "2035"]
[Annotator "NA"]
[PlyCount "88"]
[EventDate "2018.10.03"]
[EventType "team-tourn"]
[EventCountry "GER"]
[SourceTitle "playchess.com"]
[Source "ChessBase"]
[SourceQuality "1"]
[TimeControl "40/5400+30:1800+30"]

1. c4 Nf6 2. Nc3 g6 3. g3 Bg7 4. Bg2 O-O 5. Nf3 d6 6. O-O Nc6 7. Rb1 a5 8. a3 e5 9. d3 h6 10. b4 axb4 11. axb4 Be6 12. b5 Ne7 {[%emt 0:00:05] LiveBook: 495 Games} 13. Bb2 Qd7 14. Re1 Bh3 15. Bh1 Ng4 16. Ra1 {[%emt 0:03:42] A26: English Opening vs King's Indian with ...Nc6 and d3} f5 17. Qb3 Kh7 (17... Rab8 18. c5+ d5 19. e4 c6 20. exd5 cxd5 21. Nxe5 Nxe5 22. Nxd5 Nxd5 23. Rxe5 Bxe5 24. Qxd5+ Qxd5 25. Bxd5+ Kh7 26. Bxe5 Ra8 27. Rxa8 Rxa8 28. Bxb7 Ra5 29. Bc6 f4 30. gxf4 Ra2 31. b6 {1-0 (31) Eljanov,P (2742)-Nakamura,H (2741) Moscow 2010}) 18. Rxa8 Rxa8 19. Ra1 $146 ({Predecessor:} 19. Nd2 Rb8 20. Ra1 Qe6 21. Nd5 Nxd5 22. cxd5 Qf7 23. b6 f4 {1-0 (71) Mgeladze,T (2374)-Rahul,S (2253) Batumi 2018}) 19... Rxa1+ 20. Bxa1 {[%emt 0:00:07] [#]} e4 $1 21. Ne1 Bd4 22. e3 Nxe3 23. Ne2 Bxa1 24. fxe3 Bg4 25. Kf2 {[%emt 0:02:47] [#]} Bxe2 (25... d5 $142 $1 26. cxd5 Bxe2 27. Kxe2 Nxd5 28. dxe4 fxe4) 26. Kxe2 exd3+ 27. Nxd3 c6 28. bxc6 bxc6 29. Nb4 c5 30. Nd5 Nxd5 31. Bxd5 Bg7 32. Kf3 h5 33. Kg2 Qe7 34. Qd3 Qe5 35. Kf2 Qa1 36. Qe2 Bh6 37. h4 Qc3 38. Kf3 Bg7 39. Kf2 Be5 40. Kg2 Kh6 41. Qf2 Qd3 42. Qf3 Kh7 43. Qf2 Qc3 44. Qe2 Qa5 $15 1/2-1/2

[Event "GER-chT Youth Countries 2018"]
[Site "Wurzburg"]
[Date "2018.10.07"]
[Round "7"]
[White "Grund, Sebastian"]
[Black "Kopylov, Daniel"]
[Result "0-1"]
[ECO "A46"]
[WhiteElo "1992"]
[BlackElo "2192"]
[Annotator "NA"]
[PlyCount "50"]
[EventDate "2018.10.03"]
[EventType "team-tourn"]
[EventCountry "GER"]
[SourceTitle "playchess.com"]
[Source "ChessBase"]
[SourceQuality "1"]
[TimeControl "40/5400+30:1800+30"]

1. d4 Nf6 2. Nf3 d5 3. c4 e6 4. g3 Bb4+ 5. Bd2 Bd6 6. Bg2 O-O 7. Nc3 c6 8. O-O Nbd7 9. Qc2 dxc4 {[%emt 0:00:54] E01: Catalan: Early deviations} 10. e4 e5 11. Ne2 $146 ({Predecessor:} 11. dxe5 Nxe5 12. Nxe5 Bxe5 13. f4 Bd4+ 14. Kh1 Ng4 15. e5 Nf2+ 16. Rxf2 Bxf2 17. Ne4 {0-1 (29) Gritsenko,A (2418)-Zvjaginsev,V (2642) Vladivostok 2014}) 11... Re8 12. Rfd1 Qe7 13. Bc3 exd4 14. Nexd4 Ne5 ({Don't blunder} 14... Nxe4 $2 15. Nf5 $18) 15. Nxe5 Bxe5 16. Re1 (16. Rac1 $11) 16... Qc5 17. Rad1 Bg4 18. f3 Rad8 19. Qf2 Bc8 20. h3 Bc7 21. Nc2 Qxf2+ 22. Kxf2 b5 23. Nb4 Bb7 24. e5 $2 (24. Rxd8 $17 {was worth a try.} Rxd8 25. Nc2) 24... Bb6+ 25. Kf1 $19 Nh5 0-1

[Event "GER-chT Youth Countries 2018"]
[Site "Wurzburg"]
[Date "2018.10.07"]
[Round "7"]
[White "Laux, Dominik"]
[Black "Basovskiy, Jana"]
[Result "1-0"]
[ECO "D00"]
[WhiteElo "1987"]
[BlackElo "1772"]
[Annotator "NA"]
[PlyCount "113"]
[EventDate "2018.10.03"]
[EventType "team-tourn"]
[EventCountry "GER"]
[SourceTitle "playchess.com"]
[Source "ChessBase"]
[SourceQuality "1"]
[TimeControl "40/5400+30:1800+30"]

1. d4 d5 2. Bf4 Nf6 3. e3 e6 4. Nf3 c5 5. c3 Nc6 6. Nbd2 Bd6 7. dxc5 Bxc5 8. Bd3 {[%emt 0:00:44] D02: 1 d4 d5 2 Nf3 sidelines, including 2...Nf6 3 g3 and 2...Nf6 3 Bf4} O-O (8... h6 9. Qe2 Nh5 10. Bg3 Nxg3 11. hxg3 Bd7 12. e4 dxe4 13. Nxe4 Be7 14. g4 Qc7 15. g5 O-O-O 16. gxh6 gxh6 {½-½ (101) Mamedyarov,S (2809)-Nakamura,H (2787) Moscow 2018}) 9. O-O Re8 10. e4 e5 {[%emt 0:10:48] LiveBook: 3 Partien} 11. Bg3 Bg4 12. Qc2 Rc8 13. exd5 Nb4 $1 14. Bxh7+ $2 $146 ({Predecessor:} 14. cxb4 $15 Bxf2+ 15. Rxf2 (15. Bxf2 Rxc2 16. Bxc2 e4 $15) 15... Rxc2 16. Bxc2 e4 {1-0 (35) Senff,M (2464)-Rothuis,V (2354) Dieren 2006}) 14... Nxh7 15. Qa4 Bd7 ({Weaker is} 15... Qxd5 16. cxb4 Bb6 17. Qb3 $11) 16. Qb3 Nd3 17. c4 Nf4 (17... e4 $19 18. Nxe4 Rxe4 19. Qxd3 {[#]} Rxc4 $1 ) 18. Rfe1 f6 19. a3 (19. Ne4 $17) 19... Qb6 20. Qc2 a5 21. Rab1 Qc7 22. b4 axb4 23. axb4 Bf8 24. Bxf4 exf4 25. Rec1 $2 ({White should try} 25. c5 $11) 25... b6 26. Qb3 Bf5 27. Rb2 Qf7 28. Nd4 Bd7 29. Rbc2 Ng5 30. N4f3 Nxf3+ 31. Nxf3 Bg4 32. Nd4 Qe7 (32... Qh5 $19 33. Rc3 Qe5) 33. h3 Bd7 34. c5 $1 bxc5 35. bxc5 Red8 36. c6 Be8 37. c7 Rd7 $2 (37... Rd6 $11) 38. d6+ Qf7 39. Qb8 (39. Qb7 $142) 39... Rxb8 40. cxb8=Q Bxd6 41. Qb3 (41. Qa8 $142 Ra7 42. Qd8) 41... Rb7 (41... Qxb3 $142 42. Nxb3 Kh7) 42. Qxf7+ Bxf7 43. Rc8+ Kh7 44. Rd1 Rb2 45. Nf5 Be5 46. Rd7 ({White should play} 46. Rf8 $16 Rb7 47. Rfd8) 46... Kg6 $2 (46... Rb1+ $11 47. Kh2 f3+ 48. g3 Rb2) 47. Nh4+ Kg5 48. Rxf7 $18 Kxh4 49. Rxg7 Rb8 50. Rxb8 Bxb8 51. Kf1 Be5 52. Ke2 Bd6 53. Kf3 Be5 54. Ke4 Kh5 55. Kf5 Kh6 56. Rg6+ Kh7 57. Rxf6 1-0